 Dungeon Crawl Stone Soup version 0.27-a0-1273-gec92ba881d (webtiles) character file.

Game seed: 12841147955074705874

49 rabbitsville the Skirmisher (level 3, -5/29 HPs)
             Began as a Demonspawn Fighter on June 12, 2021.
             Slain by a goblin
             ... wielding a +1 dagger of electrocution
              (18 damage)
             ... on level 2 of the Dungeon.
             The game lasted 00:15:31 (1719 turns).

rabbitsville the Skirmisher (Demonspawn Fighter)    Turns: 1719, Time: 00:15:32

Health: -5/29      AC:  6    Str: 17    XL:     3   Next: 53%
Magic:  4/4        EV:  7    Int:  9    God:
Gold:   112        SH:  9    Dex: 12    Spells: 3/3 levels left

rFire    . . .     SeeInvis .   a - +0 war axe
rCold    . . .     Faith    .   c - +0 kite shield
rNeg     . . .     Spirit   .   b - +0 scale mail
rPois    .         Reflect  .   (no helmet)
rElec    .         Harm     .   (no cloak)
rCorr    .         Rampage  .   (no gloves)
Will     .....                  (no boots)
Stlth    ..........             g - amulet of regeneration
HPRegen  1.09/turn              (no ring)
MPRegen  0.09/turn              (no ring)

@: no status effects
A: talons 1, demonic magic 1
a: no special abilities


You were on level 2 of the Dungeon.
You visited 1 branch of the dungeon, and saw 2 of its levels.

You collected 112 gold pieces.

Inventory:

Hand Weapons
 a - a +0 war axe (weapon)
Armour
 b - a +0 scale mail (worn)
 c - a +0 kite shield (worn)
Jewellery
 g - an amulet of regeneration (around neck)
Scrolls
 f - a scroll of identify {unknown}
 h - a scroll of noise {unknown}
 j - a scroll of fog {unknown}
Potions
 d - a potion of might
 e - a potion of resistance {unknown}
 i - a potion of brilliance {unknown}


   Skills:
 - Level 3.0 Fighting
 * Level 2.5 Axes
 - Level 3.0 Armour
 + Level 3.0 Shields
 + Level 0.7 Spellcasting
 + Level 0.8 Conjurations


You had 3 spell levels left.
You didn't know any spells.
Your spell library contained the following spells:

 Spells                   Type           Power      Damage    Failure   Level
 Magic Dart               Conj           4%         1d3       99%         1
 Searing Ray              Conj           2%         3d3       99%         2
 Dazzling Flash           Conj/Hex       2%         N/A       100%        3
 Fulminant Prism          Conj/Hex       0%         3d6       100%        4
 Iskenderun's Mystic Bla  Conj/Tloc      1%         2d3       100%        4


Dungeon Overview and Level Annotations

Branches:
Dungeon (2/15)

Altars:


Innate Abilities, Weirdness & Mutations

You have sharp toenails.
Spells you cast may paralyse adjacent enemies.


Message History

There is a stone staircase leading up here.
Found 13 arrows.
A quokka comes into view.
You slash the quokka!
You kill the quokka!
You see here 13 arrows. 2 jackals come into view.
The jackal barks!
The jackal bites you but does no damage.
You slash the jackal!
You kill the jackal!
A jackal comes into view.
The jackal barks!
You see here a jackal corpse.
You hit the jackal.
You kill the jackal!
The jackal barely misses you.
You hit the jackal.
You kill the jackal!
Things that are here:
a jackal corpse; a jackal corpse; a jackal corpse
Found a scroll labelled QUVEDAA ETHRI.
A goblin comes into view.
It is wielding a +1 dagger of electrocution.
The goblin unwields a +1 dagger of electrocution.
It stops crackling.
The goblin wields a +0 hunting sling.
The goblin shoots a sling bullet.
The sling bullet hits you.
The goblin shoots a sling bullet.
You block the sling bullet.
The goblin unwields a +0 hunting sling.
The goblin wields a +1 dagger of electrocution.
You hear the crackle of electricity.
The goblin hits you but does no damage.
You are electrocuted!!
Ouch! That really hurt!
Your shield prevents you from hitting the goblin.
Your kick misses the goblin.
The goblin hits you with a +1 dagger of electrocution.
The goblin barely misses you.
You barely miss the goblin. Your kick misses the goblin.
The goblin hits you but does no damage.
You are electrocuted!!
Ouch! That really hurt!
You die...

### ..#
#########..#
#######......@...+
#.......######g..#
#.####### #...#
#.# #.### ### #.#
... #.#.. #.#
##.#. #.... #.#
#?... #..#. #.#
#.. .. ##... #.#
#.##.. ... ##.#


You could see a goblin.

Vanquished Creatures
  A dart slug (D:1)
  8 ball pythons (D:1)
  2 bats (D:2)
  3 endoplasms
  3 giant cockroaches
  2 goblins (D:1)
  5 hobgoblins
  3 jackals (D:2)
  6 quokkas
  3 frilled lizards (D:1)
  3 kobolds
  2 rats (D:1)
41 creatures vanquished.

Notes
Turn   | Place    | Note
-------+----------+-------------------------------------------
     0 | D:1      | rabbitsville the Demonspawn Fighter began the quest for the
                  | Orb.
     0 | D:1      | Reached XP level 1. HP: 18/18 MP: 1/1
   169 | D:1      | Gained mutation: Spells you cast may paralyse adjacent
                  | enemies. [demonic ancestry]
   169 | D:1      | Reached XP level 2. HP: 19/24 MP: 2/2
   962 | D:1      | Gained mutation: You have sharp toenails. [demonic
                  | ancestry]
   962 | D:1      | Reached XP level 3. HP: 24/29 MP: 3/3
  1430 | D:2      | Found a faded altar of an unknown god.
  1719 | D:2      | Slain by a goblin

Illustrated notes

Levels and vault maps discovered:
D:1:      tarquinn_simple_flora_water_d, layout_basic
D:2:      layout_loops_ring, shapermc_ecumenical_altar_mp_ritualfount,
          serial_rivers, chequers_serial_rivers_marsh,
          chequers_serial_rivers_small_3, chequers_serial_rivers_room_a,
          chequers_serial_rivers_room_b, chequers_serial_rivers_micro_b

Skill      XL: |  1  2 |
---------------+-------+-----
Armour         | 3 |  3.0
Axes           | 2 |  2.5
Shields        | 3 |  3.0
Fighting       | |  3.0
Spellcasting   | |  0.7
Conjurations   | |  0.8

Action                   || total
-------------------------++-------
Melee: War axe           ||   112
       Kick              ||     4
Armor: Scale mail        ||    52
Dodge: Dodged            ||    31
Block: Kite shield       ||    63

Table legend: (Time is in decaauts)
 A = Elapsed time spent in this place.
 B = Non-inter-level travel time spent in this place.
 C = Inter-level travel time spent in this place.
 D = Time resting spent in this place.
 E = Time spent auto-exploring this place.
 F = Levels seen in this place.
 G = Mean time per level.
                   A        B        C        D        E       F      G
               +--------+--------+--------+--------+--------+-----+--------+
         Total |   1790 |   1759 |     31 |    390 |    120 |   2 |  895.0 |
       Dungeon |   1790 |   1759 |     31 |    390 |    120 |   2 |  895.0 |
               +--------+--------+--------+--------+--------+-----+--------+

Top non-repeatable levels by time:
     D:1: 1467 daAuts
     D:2: 322 daAuts
